Map: Ascension to Aiur LE

Players

Faust - Winner!

  • Race: Zerg Zerg
  • League: Diamond
  • Spawn Location: 5:00

Throwfordays

  • Race: Protoss Protoss
  • Spawn Location: 11:00

VOD

Have the link to the VOD?

Description

Time

  • Played on: Aug. 4, 2019, 6:03 p.m.
  • Length: 11:47
Show
View Real Time Build Order
Export as new Build Order

Faust Zerg - Winner!

Build Orders: Pool First, Muta Ling Bane 

Get SALT Encoding   

  12  0:01  Drone  
  13  0:12  Drone  
  14  0:15  Extractor  
  14  0:19  Overlord  
  14  0:26  Extractor, Drone  
  15  0:39  Drone x2  
  17  0:46  Spawning Pool  
  16  1:14  Drone  
  16  1:17  Drone  
  18  1:19  Hatchery  
  18  1:20  Drone  
  18  1:33  Queen  
  18  1:36  Zergling x2  
  21  1:44  Overlord  
  21  2:00  Hatchery  
  20  2:05  Extractor  
  20  2:08  Drone x2  
  21  2:17  Drone  
  22  2:24  Drone  
  23  2:30  Overlord  
  23  2:32  Queen  
  23  2:36  Drone  
  25  2:47  Drone x3  
  25  2:48  Drone  
  29  2:58  Drone  
  30  2:59  Queen  
  30  3:03  Drone x2  
  34  3:15  Queen  
  34  3:17  Drone  
  34  3:18  Drone  
  38  3:20  Drone  
  38  3:21  Drone  
  38  3:24  Drone  
  41  3:27  Drone x2  
  41  3:32  Drone  
  44  3:34  Drone  
  44  3:36  Overlord  
  45  3:44  Lair  
  45  3:46  Drone x3  
  48  3:49  Drone  
  49  3:57  Drone x2  
  49  3:58  Drone  
  52  4:11  Queen x2  
  52  4:13  Drone  
  52  4:14  Drone  
  52  4:16  Hatchery, Drone  
  58  4:35  Overlord x2  
  58  4:38  Extractor  
  58  4:39  Extractor  
  58  4:43  Extractor, Drone x3  
  58  4:57  Drone x3  
  58  4:58  Drone  
  58  4:59  Drone x2  
  64  5:01  Overseer  
  64  5:02  Drone x3  
  64  5:03  Drone x3  
  70  5:10  Spire  
  69  5:20  Drone  
  71  5:21  Drone x4  
  71  5:26  Overlord x3  
  74  5:37  Overlord x2  
  74  5:41  Extractor  
  74  5:42  Extractor  
  72  5:44  Drone x2  
  72  5:45  Drone x4  
  72  5:47  Spore Crawler  
  77  5:52  Pneumatized Carapace  
  77  5:55  Extractor  
  77  5:56  Extractor  
  75  6:04  Overseer  
  75  6:11  Drone  
  76  6:22  Drone  
  76  6:23  Drone x5  
  76  6:24  Drone  
  76  6:25  Drone x9, Overlord  
  92  6:26  Overlord x3  
  92  6:29  Metabolic Boost  
  92  6:34  Baneling Nest  
  92  6:35  Hydralisk Den  
  92  6:36  Burrow  
  90  6:54  Mutalisk  
  90  6:55  Mutalisk x7  
  90  6:58  Drone x2  
  90  6:59  Drone  
  109  7:25  Zergling x26  
  122  7:38  Overlord x4  
  122  7:39  Drone x3  
  122  7:41  Mutalisk  
  122  7:43  Zerg Flyer Weapons Level 1  
  127  7:44  Extractor, Hatchery  
  127  7:46  Drone x5, Evolution Chamber  
  127  7:47  Extractor, Evolution Chamber  
  127  7:53  Zergling x10  
  128  8:08  Zergling x20  
  128  8:09  Zergling x10  
  143  8:23  Drone x3  
  143  8:24  Drone x3  
  148  8:28  Extractor, Hatchery, Mutalisk x3  
  148  8:31  Extractor  
  151  8:37  Mutalisk  
  151  8:38  Mutalisk x10  
  173  8:45  Overlord  
  173  8:50  Zerg Melee Weapons Level 1, Zerg Ground Armor Level 1  
  173  8:55  Infestation Pit  
  172  8:56  Muscular Augments  
  172  8:58  Centrifical Hooks  
  172  9:00  Mutalisk  
  172  9:01  Mutalisk x3  
  180  9:23  Zergling x2, Mutalisk x4  
  186  9:36  Mutalisk  
  186  9:37  Mutalisk x2  
  182  9:39  Drone x2  
  184  10:05  Drone x6  
  190  10:08  Grooved Spines  
  190  10:11  Hatchery  
  189  10:15  Overlord x3  
  189  10:16  Overlord  
  169  10:45  Mutalisk x6  
  169  10:46  Mutalisk x10  
  191  10:57  Mutalisk  
  191  11:09  Drone  
  191  11:10  Drone x4  
  191  11:11  Drone  
  195  11:12  Drone  
Show
View Real Time Build Order
Export as new Build Order

Throwfordays Protoss 

Build Orders:  

Get SALT Encoding   

  12  0:00  Probe  
  13  0:13  Probe  
  14  0:20  Pylon  
  14  0:25  Probe  
  15  0:38  Probe  
  16  0:44  Gateway  
  16  0:50  Probe  
  17  0:58  Assimilator  
  17  1:02  Probe  
  18  1:20  Gateway  
  18  1:22  Probe  
  18  1:31  Probe  
  18  1:32  Cybernetics Core  
  20  1:41  Probe  
  21  1:50  Zealot  
  23  1:56  Assimilator  
  23  2:06  Pylon, Warp Gate  
  23  2:24  Adept x2  
  27  2:35  Nexus  
  27  2:52  Forge  
  27  3:17  Probe  
  27  3:18  Nexus  
  27  3:21  Pylon  
  27  3:25  Probe  
  29  3:35  Probe  
  29  3:37  Pylon  
  30  3:43  Probe  
  31  3:49  Protoss Ground Weapons Level 1  
  31  3:51  Probe  
  32  3:58  Robotics Facility  
  32  4:01  Probe  
  32  4:05  Probe  
  34  4:18  Adept  
  34  4:19  Adept  
  38  4:29  Probe  
  38  4:31  Probe  
  40  4:35  Probe  
  40  4:36  Stargate  
  40  4:41  Probe  
  40  4:43  Probe x2  
  44  4:53  Probe x2  
  44  4:55  Stalker, Probe  
  44  4:59  Stalker  
  51  5:08  Probe  
  52  5:19  Immortal  
  52  5:20  Probe  
  57  5:28  Gateway  
  57  5:30  Gateway, Probe  
  57  5:34  Assimilator  
  58  5:36  Probe  
  58  5:37  Assimilator  
  58  5:38  Probe  
  59  5:44  Probe  
  59  5:47  Probe  
  61  5:51  Twilight Council  
  61  5:52  Probe  
  61  5:54  Pylon, Probe  
  64  6:00  Phoenix  
  66  6:06  Probe, Immortal  
  71  6:12  Protoss Shields Level 1  
  71  6:15  Probe  
  72  6:25  Probe  
  72  6:27  Probe  
  72  6:29  Assimilator  
  72  6:32  Assimilator  
  74  6:33  Probe  
  74  6:36  Phoenix  
  74  6:39  Probe  
  78  6:42  Probe  
  79  6:49  Fleet Beacon  
  79  6:54  Probe  
  80  7:20  Phoenix  
  82  7:27  Pylon  
  82  7:29  Pylon  
  82  7:31  Pylon  
  82  7:33  Adept  
  84  7:45  Immortal  
  86  7:55  Stalker x4  
  87  8:11  Phoenix  
  89  8:23  Adept x2  
  89  8:24  Adept x2  
  95  8:31  Probe  
  95  8:33  Stargate  
  95  8:34  Stargate  
  95  8:37  Stargate  
  95  8:39  Probe x2  
  98  8:49  Probe  
  98  8:51  Probe  
  100  8:57  Pylon  
  100  9:00  Pylon  
  100  9:01  Probe  
  100  9:02  Pylon  
  101  9:04  Pylon  
  101  9:15  Phoenix, Probe x2  
  105  9:22  Nexus  
  105  9:24  Assimilator  
  105  9:28  Assimilator  
  103  9:31  Pylon  
  103  9:34  Adept  
  103  9:35  Adept x3  
  103  9:37  Phoenix x3  
  91  9:40  Phoenix  
  91  9:45  Probe  
  84  9:57  Probe  
  67  10:03  Photon Cannon  
  67  10:04  Photon Cannon  
  67  10:07  Photon Cannon  
  67  10:09  Probe  
  67  10:10  Shield Battery x2, Phoenix x4  
  67  10:13  Shield Battery  
  75  10:15  Adept x4  
  56  10:44  Stalker  
  56  10:45  Stalker  
Tags
 
Composition
Muta Ling Bane
League
Diamond
Matchup
PvZ
Opening
Pool First
Replay Pack
Multiplayer
Spawn Locations
Cross Positions
Add a new tag
Caveats
  • Supply blocks, unpowered buildings, or Contaminate may cause inaccurate times.
  • Supply counts are checked every 10 seconds.